 Dungeon Crawl Stone Soup version 0.29.1-1-gd02db6906a (webtiles) character file.

Game seed: 15420063802496017583

1439 smilodon the Grappler (level 8, -5/75 HPs)
             Began as a Troll Fighter on Sept 18, 2022.
             Was a Follower of the Shining One.
             Slain by a killer bee (7 damage)
             ... on level 6 of the Dungeon.
             The game lasted 00:12:56 (4664 turns).

smilodon the Grappler (Troll Fighter)               Turns: 4664, Time: 00:12:57

Health: -5/75      AC:  5    Str: 27    XL:     8   Next: 45%
Magic:  7/7        EV:  9    Int:  8    God:    the Shining One [*.....]
Gold:   331        SH:  8    Dex: 15    Spells: 7/7 levels left

rFire   + . .      SeeInvis .     - Unarmed
rCold   + . .      Faith    .   b - +0 kite shield
rNeg    . . .      Spirit   .   m - +1 robe of Lust {Drain rF+ rC+ Int+4}
rPois   .          Reflect  .   (helmet restricted)
rElec   .          Harm     .   (no cloak)
rCorr   .          Rampage  .   (gloves unavailable)
Will    .....                   (boots unavailable)
Stlth   +.........              t - amulet of regeneration
HPRegen 1.82/turn               f - +6 ring of dexterity
MPRegen 0.10/turn               (no ring)

@: lethally poisoned (-5 -> -5), about to teleport, flying, glowing
A: large, unfitting armour, claws 3, regeneration 1, shaggy fur 1, tough skin 1
a: Renounce Religion, Divine Shield


You were on level 6 of the Dungeon.
You worshipped the Shining One.
The Shining One was aware of your devotion.
You visited 2 branches of the dungeon, and saw 7 of its levels.

You collected 331 gold pieces.

Inventory:

Hand Weapons
 o - a +1 whip of electrocution
 s - the +8 war axe of Fuocifek {speed, rElec rC++ Dex-4}
   (You found it on level 5 of the Dungeon)

   Attacks with this weapon are significantly faster.
   Dex:       It affects your dexterity (-4).
   rC:        It greatly protects you from cold.
   rElec:     It insulates you from electricity.
Missiles
 i - a throwing net (quivered)
Armour
 a - a +0 robe
 b - a +0 kite shield (worn)
 m - the +1 robe of Lust (worn) {Drain rF+ rC+ Int+4}
   (You found it on level 3 of the Dungeon)

   Int:       It affects your intelligence (+4).
   rF:        It protects you from fire.
   rC:        It protects you from cold.
   Drain:     It drains your maximum health when unequipped.
Jewellery
 f - a +6 ring of dexterity (left claw)
 j - a ring of ice
 t - an amulet of regeneration (around neck)
Wands
 g - a wand of polymorph (5)
 h - a wand of charming (40)
 l - a wand of mindburst (5)
Scrolls
 e - a scroll of teleportation
 k - 3 scrolls of enchant weapon
 p - 2 scrolls of fear
 v - a scroll of magic mapping {unknown}
Potions
 d - a potion of ambrosia
 n - a potion of lignification {unknown}
 q - a potion of heal wounds {unknown}
 r - 2 potions of curing {unknown}
 u - a potion of might


   Skills:
 - Level 3.0 Fighting
 - Level 3.0 Dodging
 - Level 3.2 Shields
 + Level 10.1 Unarmed Combat


You had 7 spell levels left.
You didn't know any spells.
Your spell library contained the following spells:

 Spells                   Type           Power      Damage    Failure   Level
 Magic Dart               Conj           0%         1d3       71%         1
 Blink                    Tloc           0%         N/A       83%         2
 Searing Ray              Conj           0%         2d4       83%         2
 Gell's Gravitas          Tloc           0%         N/A       97%         3
 Teleport Other           Tloc           0%         N/A       97%         3
 Fulminant Prism          Conj/Hex       0%         3d6       100%        4
 Manifold Assault         Tloc           0%         N/A       100%        5
 Dispersal                Tloc           0%         N/A       100%        6
 Storm Form               Tmut/Air       0%         N/A       100%        7


Dungeon Overview and Level Annotations

Branches:
Dungeon (6/15)             Temple (1/1) D:4

Altars:
Ashenzari
Dithmenos
Elyvilon
Fedhas
Hepliaklqana
Kikubaaqudgha
Makhleb
Nemelex Xobeh
Okawaru
Qazlal
Ru
Sif Muna
Trog
Uskayaw
Vehumet
Wu Jian
Xom
Yredelemnul
The Shining One

Shops:
D:1 (   D:5 *

Annotations:
D:5 1 transporter, dornbeast's ghost, amateur DjGl


Innate Abilities, Weirdness & Mutations

You are too large for most types of armour.
You have claws for hands.
Your natural rate of healing is unusually fast.
You are covered in fur. (AC +1)
You have tough skin. (AC +1)


Message History

A phantom comes into view.
You closely miss the killer bee.
You feel sick. You block the killer bee's attack.
The killer bee stings you but does no damage.
The killer bee barely misses you. x2; The killer bee stings you.
The killer bee closely misses you.
The killer bee stings you but does no damage.
The killer bee closely misses you.
You mangle the killer bee!!
You kill the killer bee!
You feel sick. You block the killer bee's attack.
You scratch the killer bee.
The killer bee is moderately wounded.
You feel sick. The killer bee stings you! The killer bee stings you.
The killer bee closely misses you. The killer bee stings you.
The killer bee barely misses you. You block the killer bee's attack.
The killer bee stings you but does no damage.
You block the killer bee's attack.
As you read the scroll of teleportation, it crumbles to dust.
You feel strangely unstable.
You feel sick. You block the killer bee's attack. The killer bee stings you!
* * * LOW HITPOINT WARNING * * *
You block the killer bee's attack. The killer bee stings you.
* * * LOW HITPOINT WARNING * * *
The killer bee closely misses you. The killer bee stings you!
* * * LOW HITPOINT WARNING * * *
The killer bee stings you.
* * * LOW HITPOINT WARNING * * *
The killer bee stings you! The Shining One protects you from harm!
It was a potion of flight.
You feel very buoyant.
You fly up into the air.
You feel sick. The killer bee barely misses you.
You block the killer bee's attack. x2
The killer bee stings you but does no damage.
The killer bee stings you.
* * * LOW HITPOINT WARNING * * *
The killer bee barely misses you. The killer bee closely misses you.
The killer bee stings you!
You die...

# #.###### #.......
####### ####.†.. ..#..
......... #.#.#
#####....
#.#####y#)###########.#'
..$.Why@y...............
..#####y#.........###.#.
....y....#####.# #.#.
####.......# #.# #.#.
#######..##.# #.#.
...##.# #.#.
......###.#. #.......#.
#<........


You could see a phantom, a howler monkey and 5 killer bees.

Vanquished Creatures
  The ghost of turdburglar the Ruffian, an amateur TrMo (D:4)
  A steam dragon (D:5)
  An ice beast (D:5)
  An ogre (D:6)
  A necrophage (D:6)
  A killer bee (D:6)
  A howler monkey (D:5)
  2 orc priests
  6 hounds
  A jelly (D:5)
  A gnoll bouda (D:5)
  Terence (D:3)
  An orc wizard (D:5)
  Natasha (thrice) (D:4)
  4 iguanas
  8 gnolls
  6 adders
  2 white imps (D:5)
  An ufetubus (D:6)
  2 worms
  A dart slug (D:4)
  16 orcs
  3 bats
  12 endoplasms
  A giant cockroach (D:2)
  4 hobgoblins
  3 jackals (D:2)
  4 kobolds
  6 quokkas
  3 ball pythons
  2 frilled lizards
  4 rats
104 creatures vanquished.

Notes
Turn   | Place    | Note
-------+----------+-------------------------------------------
     0 | D:1      | smilodon the Troll Fighter began the quest for the Orb.
     0 | D:1      | Reached XP level 1. HP: 22/22 MP: 0/0
   117 | D:1      | Reached XP level 2. HP: 27/29 MP: 1/1
   253 | D:1      | You fall into a shaft and drop 1 floor!
   422 | D:1      | Found a faded altar of an unknown god.
   775 | D:1      | Found Ritsomno's Antique Weapon Shop.
  1146 | D:2      | Reached XP level 3. HP: 36/36 MP: 2/2
  1482 | D:2      | Reached XP level 4. HP: 44/44 MP: 3/3
  1693 | D:3      | Noticed Terence
  1700 | D:3      | Killed Terence
  1701 | D:3      | Reached skill level 3 in Unarmed Combat
  1794 | D:3      | Reached XP level 5. HP: 46/53 MP: 4/4
  1796 | D:3      | Reached skill level 4 in Unarmed Combat
  1878 | D:3      | Identified the +1 robe of Lust {Drain rF+ rC+ Int+4}
  2034 | D:4      | Noticed Natasha
  2040 | D:4      | Reached skill level 5 in Unarmed Combat
  2046 | D:4      | Killed Natasha
  2047 | D:4      | Reached XP level 6. HP: 55/61 MP: 5/5
  2096 | D:4      | Found a blossoming altar of Fedhas.
  2575 | D:4      | Found a runed translucent door.
  2577 | D:4      | Noticed turdburglar's ghost (amateur TrMo)
  2843 | D:4      | Noticed Natasha
  2884 | D:4      | Found a staircase to the Ecumenical Temple.
  3205 | Temple   | Entered the Ecumenical Temple
  3266 | Temple   | Became a worshipper of the Shining One
  3311 | D:4      | Killed turdburglar's ghost
  3312 | D:4      | Reached skill level 7 in Unarmed Combat
  3312 | D:4      | Reached XP level 7. HP: 54/67 MP: 6/6
  3561 | D:4      | Killed Natasha
  3643 | D:4      | Noticed Natasha
  3657 | D:4      | Killed Natasha
  3674 | D:5      | Entered Level 5 of the Dungeon
  3843 | D:5      | Found Wuypunnoulu's Assorted Antiques.
  3894 | D:5      | Reached skill level 8 in Unarmed Combat
  3930 | D:5      | Found an ancient bone altar of Kikubaaqudgha.
  4113 | D:5      | Reached XP level 8. HP: 75/75 MP: 7/7
  4142 | D:5      | Noticed dornbeast's ghost (amateur DjGl)
  4150 | D:5      | Reached * piety under the Shining One
  4176 | D:5      | Identified the +8 war axe of Fuocifek {speed, rElec rC++
                  | Dex-4}
  4186 | D:5      | Found a transporter.
  4186 | D:5      | Identified the +6 great mace "Quas" {drain, Int+3}
  4210 | D:5      | Reached skill level 9 in Unarmed Combat
  4288 | D:5      | Found a transporter.
  4657 | D:6      | Reached skill level 10 in Unarmed Combat
  4663 | D:6      | The Shining One protects you from harm!
  4664 | D:6      | HP: 2/75 [killer bee (5)]
  4664 | D:6      | Slain by a killer bee

Illustrated notes

Levels and vault maps discovered:
D:1:      noname_arrival_rooms_in_the_neighbourhood, layout_loops_ring,
          serial_shops, shop, shapermc_ecumenical_altar_mp_highgroup,
          minmay_indecisive_spiral
D:2:      layout_basic
D:3:      layout_rooms, serial_bayou_pond_b, cheibrodos_gnoll_hut, uniq_terence
D:4:      layout_basic, fedhas_altar_fruit_tree,
          minmay_temple_entry_drinking_statues, ebering_ghost_sewer_d,
          uniq_natasha
D:5:      layout_rooms, mainiacjoe_overflow_cross_hatched,
          gammafunk_ghost_smash, serial_shops, nicolae_shop_crystal,
          small_statue_intersection, patterned_corridor
D:6:      layout_basic
Temple:   compressed_dpeg_circular_temple

Skill      XL: |  1  2  3  4  5  6  7  8 |
---------------+-------------------------+-----
Shields        | 3 |  3.2
Dodging        | 3 |  3.0
Fighting       | 3 |  3.0
Unarmed Combat | 3 5 7 8 10 | 10.1

Action                   |  1- 3 |  4- 6 |  7- 9 || total
-------------------------+-------+-------+-------++-------
Melee: Unarmed           |    81 |    92 |   113 ||   286
  Use: Scroll            |     5 |     1 |     5 ||    11
       Potion            |     2 |     2 |     2 ||     6
 Stab: Sleeping          |       |     1 |       ||     1
Armor: Robe              |    16 |    15 |    24 ||    55
Dodge: Dodged            |    24 |    26 |    53 ||   103
Block: Kite shield       |    25 |    32 |    64 ||   121
